 Dungeon Crawl Stone Soup version 0.30.0-20-g3615ddf2f0 (webtiles) character file.

Game seed: 15330657683999881583

93 qw the Chopper (level 4, -2/28 HPs)
             Began as a Gargoyle Fighter on May 29, 2023.
             Killed from afar by Duvessa (13 damage)
             ... with a bolt of dispelling energy
             ... on level 4 of the Dungeon.
             The game lasted 00:01:13 (3080 turns).

qw the Chopper (Gargoyle Fighter)                   Turns: 3080, Time: 00:01:13

Health: -2/28      AC: 13    Str: 20    XL:     4   Next: 61%
Magic:  4/4        EV:  9    Int:  8    God:
Gold:   162        SH:  4    Dex: 10    Spells: 3/3 levels left

rFire   . . .        Y - +0 war axe
rCold   . . .        c - +0 buckler
rNeg    + + .        b - +0 scale mail
rPois   inf          (no helmet)
rElec   +            a - +2 ratskin cloak {*Rats rPois rN+ Str-1 Int-1 Dex+1}
rCorr   .            (no gloves)
SInv    +            (no boots)
Will    .....        (no amulet) Stlth
                     q - ring of see invisible
HPRegen 0.24/turn    (no ring)
MPRegen 0.09/turn

%: no passive effects
@: brilliant
A: sickness immunity, AC +3, negative energy resistance 1, electricity
resistance, torment resistance 1, petrification resistance
a: no special abilities


You were on level 4 of the Dungeon.
You visited 1 branch of the dungeon, and saw 4 of its levels.

You collected 162 gold pieces.


Innate Abilities, Weirdness & Mutations

You are immune to sickness and miasma.
Your stone body is resilient. (AC +3)
You are immune to poison.
You resist negative energy. (rN+)
You are resistant to electric shocks. (rElec)
You are resistant to unholy torment.
You are immune to petrification.


   Skills:
 - Level 3.2 Fighting
 + Level 4.2 Axes
 - Level 3.2 Armour
 - Level 3.2 Shields


You had 3 spell levels left.
You didn't know any spells.
Your spell library was empty.

Inventory:

Hand Weapons
 j - a +0 flail
 Y - a +0 war axe (weapon)
Armour
 a - the +2 ratskin cloak (worn) {*Rats rPois rN+ Str-1 Int-1 Dex+1}
   (You acquired it on level 1 of the Dungeon)

   *Rats:     When the wearer is hurt, rats may emerge from it to assist them.
   Str:       It affects your strength (-1).
   Int:       It affects your intelligence (-1).
   Dex:       It affects your dexterity (+1).
   rPois:     It protects you from poison.
   rN:        It protects you from negative energy.
 b - a +0 scale mail (worn)
 c - a +0 buckler (worn)
Jewellery
 h - a ring of ice
 q - a ring of see invisible (left hand)
Scrolls
 g - a scroll of identify
Potions
 d - a potion of might
 e - 2 potions of curing
 f - a potion of haste
 k - a potion of attraction
 m - a potion of heal wounds {unknown}
 n - a potion of degeneration {unknown}
 p - a potion of mutation {unknown}

Dungeon Overview and Level Annotations

Branches:
Dungeon (4/15)
 Temple: D:4-7

Altars:

Annotations:
D:4 Duvessa


Message History

There is a stone staircase leading down here.
You climb downwards.
Found 10 gold pieces and a book of Callings.
Found a stone staircase leading down.
There is a stone staircase leading up here.
Waypoint 3 assigned to D:4.
Found a stone staircase leading up.
You feel less attractive to monsters.
You now have 162 gold pieces (gained 10).
Duvessa, Sister of Dowan comes into view.
She is wielding a +2 rapier of freezing and carrying a wand of quicksilver (11).
3067 ||| Stepping ~*~*~tactically~*~*~ (hiding).
3068 ||| Stepping ~*~*~tactically~*~*~ (hiding).
3069 ||| Stepping ~*~*~tactically~*~*~ (hiding).
3070 ||| Stepping ~*~*~tactically~*~*~ (hiding).
You start waiting.
Duvessa is nearby!
Duvessa hits you but does no damage.
You barely miss Duvessa.
Duvessa says, "When magic and the sword combine, nothing stands against them."
Duvessa hits you with a +2 rapier of freezing.
Duvessa freezes you.
You hit Duvessa.
Duvessa is lightly wounded.
You block Duvessa's attack.
You hit Duvessa.
Duvessa is lightly wounded.
Duvessa hits you but does no damage. You block Duvessa's attack.
You slash Duvessa!
Duvessa is moderately wounded.
Duvessa hits you with a +2 rapier of freezing.
Duvessa freezes you.
You hit Duvessa.
Duvessa is moderately wounded.
Duvessa hits you with a +2 rapier of freezing.
Duvessa freezes you.
You hit Duvessa but do no damage.
Duvessa is moderately wounded.
Duvessa zaps a wand.
The bolt of dispelling energy hits you!
Your magical effects are unravelling.
You die...

##### ...# .
##..# .. #.<.#
... #.#.##
#...#####@#..# .
###.....e..#....
...............#
######..#.#.#.##
##:#.#.....
......##.>.
#<.....# #.
#......#
#......#


You could see Duvessa.

Vanquished Creatures
  3 adders
  2 dart slugs
  7 orcs (D:3)
  7 ball pythons
  4 endoplasms
  4 giant cockroaches
  2 goblins (D:1)
  2 hobgoblins
  4 kobolds
  3 quokkas
  5 bats
  4 frilled lizards
  5 rats
52 creatures vanquished.

Notes
Turn   | Place    | Note
-------+----------+-------------------------------------------
     0 | D:1      | qw the Gargoyle Fighter began the quest for the Orb.
     0 | D:1      | Reached XP level 1. HP: 14/14 MP: 1/1
     0 | D:1      | 0 ||| qw: Version: 0.2-a-101-gf424e7f
     0 | D:1      | 0 ||| qw: Game counter: 346
     0 | D:1      | 0 ||| qw: Always use a shield: true
     0 | D:1      | 0 ||| qw: God list: Okawaru
     0 | D:1      | 0 ||| qw: Allow faded altars: false
     0 | D:1      | 0 ||| qw: Do Orc after D:15 true
     0 | D:1      | 0 ||| qw: Do second Lair branch before Depths: true
     0 | D:1      | 0 ||| qw: Lair rune preference: random
     0 | D:1      | 0 ||| qw: Plans: Normal, Zot:1-4, Slime:5, God:TSO, Crypt,
                  | Tomb, Pan, Hells, Abyss, Win
     0 | D:1      | 0 ||| PLANNING D:1-11
    58 | D:1      | Reached skill level 2 in Axes
    86 | D:1      | 86 ||| Stepping ~*~*~tactically~*~*~ (hiding).
   205 | D:1      | Reached XP level 2. HP: 19/19 MP: 2/2
   971 | D:1      | 971 ||| READING scroll labelled HALIEGA TEIV.
   972 | D:1      | 972 ||| READING scroll labelled ZUMMUA HIUFA.
   973 | D:1      | 973 ||| READING scroll labelled VUFRAO ZIREOCUUL.
   974 | D:1      | 974 ||| READING scroll labelled EGUUWU BIHAKK.
   974 | D:1      | Identified a scroll of acquirement
   974 | D:1      | 974 ||| ACQUIRING +2 ratskin cloak {*Rats rPois rN+ Str-1
                  | Int-1 Dex+1}
   974 | D:1      | Acquired the +2 ratskin cloak {*Rats rPois rN+ Str-1 Int-1
                  | Dex+1}
   974 | D:1      | Found the +2 ratskin cloak {*Rats rPois rN+ Str-1 Int-1
                  | Dex+1}
   976 | D:1      | 976 ||| UPGRADING to +2 ratskin cloak {*Rats rPois rN+
                  | Str-1 Int-1 Dex+1}.
   981 | D:1      | 981 ||| DRINKING 2 fizzy inky potions.
  1068 | D:2      | Reached skill level 3 in Axes
  1128 | D:2      | Reached XP level 3. HP: 20/23 MP: 3/3
  1467 | D:2      | 1467 ||| Stepping ~*~*~tactically~*~*~ (hiding).
  1697 | D:2      | 1697 ||| Stepping ~*~*~tactically~*~*~ (hiding).
  1854 | D:2      | 1854 ||| DROPPING orb of energy.
  1855 | D:2      | 1855 ||| DROPPING ring of magical power.
  1856 | D:2      | 1856 ||| UPGRADING to ring of see invisible.
  1857 | D:2      | 1857 ||| READING scroll labelled VOLUTI OWEK.
  1858 | D:2      | 1858 ||| READING scroll labelled BIENTUGGIDD.
  1859 | D:2      | 1859 ||| READING scroll labelled VAMITE OROL.
  1960 | D:2      | 1960 ||| DRINKING 2 metallic silvery potions.
  2091 | D:3      | 2091 ||| Stepping ~*~*~tactically~*~*~ (hiding).
  2092 | D:3      | 2092 ||| Stepping ~*~*~tactically~*~*~ (hiding).
  2134 | D:3      | Reached XP level 4. HP: 25/28 MP: 4/4
  2312 | D:3      | 2312 ||| Stepping ~*~*~tactically~*~*~ (stealth).
  2317 | D:3      | 2317 ||| Stepping ~*~*~tactically~*~*~ (stealth).
  2319 | D:3      | 2319 ||| Stepping ~*~*~tactically~*~*~ (stealth).
  2322 | D:3      | Reached skill level 4 in Axes
  2327 | D:3      | 2327 ||| Stepping ~*~*~tactically~*~*~ (hiding).
  2331 | D:3      | 2331 ||| Stepping ~*~*~tactically~*~*~ (hiding).
  2391 | D:3      | 2391 ||| DROPPING +0 mace.
  2868 | D:3      | 2868 ||| Stepping ~*~*~tactically~*~*~ (stealth).
  2896 | D:3      | HP: 6/28 [orc/+0 mace (5)]
  3029 | D:3      | 3029 ||| DRINKING 2 smoky golden potions.
  3030 | D:3      | 3030 ||| DRINKING 2 black potions.
  3031 | D:3      | 3031 ||| DROPPING potion of brilliance.
  3066 | D:4      | Noticed Duvessa
  3067 | D:4      | 3067 ||| Stepping ~*~*~tactically~*~*~ (hiding).
  3068 | D:4      | 3068 ||| Stepping ~*~*~tactically~*~*~ (hiding).
  3069 | D:4      | 3069 ||| Stepping ~*~*~tactically~*~*~ (hiding).
  3070 | D:4      | 3070 ||| Stepping ~*~*~tactically~*~*~ (hiding).
  3080 | D:4      | Killed from afar by Duvessa

Levels and vault maps discovered:
D:1:      saegor_arrival_under_anarchy, layout_basic, chequers_decorated_corner
D:2:      layout_loops_ring, corexii_hall_statues_i
D:3:      layout_basic
D:4:      layout_rooms, nicolae_kikubaaqudgha_miasma_corner,
          wad_rectangle_vault, uniq_sigmund, uniq_duvessa

Skill      XL: |  1  2  3  4 |
---------------+-------------+-----
Axes           | 2 3 4 |  4.2
Fighting       | |  3.2
Armour         | |  3.2
Shields        | |  3.2

Action                     |  1- 3 |  4- 6 || total
---------------------------+-------+-------++-------
  Melee: War axe           |   107 |    73 ||   180
    Use: Scroll            |     7 |       ||     7
         Potion            |     2 |     2 ||     4
 Armour: Scale mail        |    55 |    31 ||    86
  Dodge: Dodged            |    40 |    27 ||    67
  Block: Buckler           |    24 |    16 ||    40

Table legend:
 A = Non-vault XP
 B = Vault XP
 C = Vault XP percentage of total XP
 D = Non-vault monster count
 E = Vault monster count
 F = Vault count percentage of total count
                 A         B        C        D         E       F
            +---------+---------+-------+---------+---------+-------
      Total |     133 |       0 |   0.0 |      52 |       0 |   0.0
            +---------+---------+-------+---------+---------+-------
        D:1 |      29 |       0 |   0.0 |      16 |       0 |   0.0
        D:2 |      49 |       0 |   0.0 |      17 |       0 |   0.0
        D:3 |      55 |       0 |   0.0 |      19 |       0 |   0.0
            +---------+---------+-------+---------+---------+-------
